 Dungeon Crawl Stone Soup version 0.27.0-1-g7a089689b8 (webtiles) character file.

Game seed: 12681711713280767692

65 ZARRMARR the Conjurer (level 3, -1/26 HPs)
             Began as a Draconian Conjurer on Aug 3, 2021.
             Slain by a jackal (2 damage)
             ... on level 3 of the Dungeon.
             The game lasted 00:07:13 (2582 turns).

ZARRMARR the Conjurer (Draconian Conjurer)          Turns: 2582, Time: 00:07:13

Health: -1/26      AC:  5    Str:  9    XL:     3   Next: 94%
Magic:  2/6        EV: 12    Int: 19    God:
Gold:   31         SH:  5    Dex:  9    Spells: 5/6 levels left

rFire    . . .     SeeInvis .   c - +0 whip
rCold    . . .     Faith    .   (no shield)
rNeg     . . .     Spirit   .   (armour unavailable)
rPois    .         Reflect  +   (helmet restricted)
rElec    .         Harm     .   (no cloak)
rCorr    .         Rampage  .   (no gloves)
Will     .....                  (no boots)
Stlth    ++........             g - amulet of reflection
HPRegen  0.08/turn              (no ring)
MPRegen  0.10/turn              (no ring)

@: attractive, flying
A: AC +5, unfitting armour, cold-blooded
a: no special abilities


You were on level 3 of the Dungeon.
You visited 1 branch of the dungeon, and saw 3 of its levels.

You collected 31 gold pieces.

Inventory:

Hand Weapons
 c - a +0 whip (weapon)
Missiles
 b - 86 stones (quivered)
Jewellery
 g - an amulet of reflection (around neck)


   Skills:
 + Level 0.6 Maces & Flails
 + Level 1.9 Dodging
 + Level 1.8 Stealth
 + Level 2.3 Spellcasting
 + Level 5.1 Conjurations


You had 5 spell levels left.
You knew the following spells:

 Your Spells              Type           Power      Damage    Failure   Level
a - Magic Dart            Conj           84%        1d7       1%          1

Your spell library contained the following spells:

 Spells                   Type           Power      Damage    Failure   Level
 Searing Ray              Conj           42%        3d4       3%          2
 Dazzling Flash           Conj/Hex       24%        N/A       17%         3
 Fulminant Prism          Conj/Hex       6%         3d7       50%         4
 Iskenderun's Mystic Bla  Conj/Tloc      12%        2d5       50%         4


Dungeon Overview and Level Annotations

Branches:
Dungeon (3/15)

Altars:


Innate Abilities, Weirdness & Mutations

Your plain brown scales are hard. (AC +5)
You cannot fit into any form of body armour.
You are cold-blooded and may be slowed by cold attacks.


Message History

The jackal is severely wounded.
The hobgoblin hits you.
The jackal bites you but does no damage.
You barely miss the jackal.
The jackal is severely wounded.
The jackal closely misses you. You block the hobgoblin's attack.
The jackal barely misses you.
It was a potion of cancellation.
You feel magically purged. The hobgoblin hits you.
* * * LOW HITPOINT WARNING * * *
The jackal bites you.
* * * LOW HITPOINT WARNING * * *
It was a potion of flight.
You feel very buoyant.
You fly up into the air.
The jackal bites you but does no damage.
The hobgoblin hits you but does no damage.
The jackal barely misses you.
It was a potion of attraction.
You feel attractive to monsters. The hobgoblin misses you.
You block the jackal's attack.
You closely miss the hobgoblin. The hobgoblin closely misses you.
The jackal closely misses you. The hobgoblin hits you.
* * * LOW HITPOINT WARNING * * *
The jackal bites you.
* * * LOW HITPOINT WARNING * * *
You hit the hobgoblin. You tail-slap the hobgoblin.
The hobgoblin is heavily wounded.
The jackal closely misses you. You block the hobgoblin's attack.
You hit the hobgoblin.
The hobgoblin is almost dead.
The jackal misses you. The hobgoblin misses you. The jackal closely misses you.
You hit the hobgoblin but do no damage.
The hobgoblin is almost dead.
You block the jackal's attack. The hobgoblin hits you.
* * * LOW HITPOINT WARNING * * *
You hit the hobgoblin.
You kill the hobgoblin!
The jackal bites you.
You die...

#. ####.# #. #...
##.## ##.##
....########...##
#...............# #
#...#.#........#### .#
#.>.#.#.##.##.###.#..#
........##.##....#$..#
#.#.###.........@h...#
#.#.#
#.##.##.###h......
#.#.# #.##.##.#
....###
#.#.###......$# .)(.#
#....#### #### †..(..
#>........ .......
..)..##... ....!..
....## #.# #....!.
........ #


You could see 2 jackals.

Vanquished Creatures
  2 adders (D:2)
  A worm (D:2)
  A dart slug (D:2)
  2 bats (D:1)
  4 endoplasms
  2 giant cockroaches (D:1)
  4 goblins
  7 hobgoblins
  A jackal (D:3)
  2 quokkas (D:2)
  4 ball pythons
  A frilled lizard (D:1)
  6 kobolds
  3 rats
40 creatures vanquished.

Vanquished Creatures (others)
  2 plants (D:1)
2 creatures vanquished.

Grand Total: 42 creatures vanquished

Notes
Turn   | Place    | Note
-------+----------+-------------------------------------------
     0 | D:1      | ZARRMARR the Draconian Conjurer began the quest for the
                  | Orb.
     0 | D:1      | Reached XP level 1. HP: 14/14 MP: 3/3
   475 | D:1      | Reached XP level 2. HP: 18/20 MP: 1/5
   668 | D:1      | Found a faded altar of an unknown god.
  1365 | D:2      | Reached XP level 3. HP: 21/26 MP: 1/6
  1692 | D:2      | Reached skill level 5 in Conjurations
  2581 | D:3      | HP: 1/26 [hobgoblin (1)]
  2582 | D:3      | Slain by a jackal

Illustrated notes

Levels and vault maps discovered:
D:1:      dpeg_arrival_court, layout_basic,
          shapermc_ecumenical_altar_mp_ritualfount
D:2:      layout_basic
D:3:      layout_loops_ring, due_unseen_surprise

Skill      XL: |  1  2  3 |
---------------+----------+-----
Conjurations   | 5 |  5.1
Maces & Flails | |  0.6
Dodging        | |  1.9
Stealth        | |  1.8
Spellcasting   | |  2.3

Action                   || total
-------------------------++-------
Melee: Whip              ||    61
       Unarmed           ||     2
       Tailslap          ||     7
Throw: Stone             ||     6
 Cast: Magic Dart        ||    71
  Use: Scroll            ||     2
       Potion            ||     3
Armor: Skin              ||    18
Dodge: Dodged            ||    40
Block: Other             ||    15
